 Dungeon Crawl Stone Soup version 0.29.1-15-g9cfb28693d (webtiles) character file.

Game seed: 14641623424216866276

75 promet the Trooper (level 4, -6/50 HPs)
             Began as an Ogre Berserker on Mar 1, 2023.
             Was a Believer of Trog.
             Mangled by Grinder (7 damage)
             ... while paralysed by Grinder
             ... on level 3 of the Dungeon.
             The game lasted 00:08:24 (3100 turns).

promet the Trooper (Ogre Berserker)                 Turns: 3100, Time: 00:08:24

Health: -6/50      AC:  3    Str: 21    XL:     4   Next: 31%
Magic:  4/4        EV:  1    Int: 10    God:    Trog [**....]
Gold:   132        SH:  0    Dex:  8    Spells: 3/3 levels left

rFire   . . .      SeeInvis .   a - +0 spear
rCold   . . .      Faith    .   (no shield)
rNeg    . . .      Spirit   .   h - +0 animal skin
rPois   .          Reflect  .   (helmet restricted)
rElec   .          Harm     .   (no cloak)
rCorr   .          Rampage  .   (gloves unavailable)
Will    .....                   (boots unavailable)
Stlth   +.........              (no amulet)
HPRegen 0.16/turn               (no ring)
MPRegen 0.09/turn               (no ring)

@: paralysed, attractive
A: large, unfitting armour, tough skin 1
a: Renounce Religion, Berserk, Trog's Hand


You were on level 3 of the Dungeon.
You worshipped Trog.
Trog was pleased with you.
You visited 1 branch of the dungeon, and saw 3 of its levels.

You collected 132 gold pieces.

Inventory:

Hand Weapons
 a - a +0 spear (weapon)
 b - a +0 sling
Missiles
 e - 16 stones (quivered)
 i - 3 atropa-tipped darts
Armour
 h - a +0 animal skin (worn)
Jewellery
 c - an amulet of the acrobat
 d - an amulet of regeneration
Scrolls
 f - a scroll of identify
 l - a scroll of enchant armour {unknown}
Potions
 j - a potion of lignification
 k - 2 potions of curing {unknown}


   Skills:
 + Level 5.2 Fighting
 + Level 3.6 Polearms
 + Level 3.3 Dodging
 + Level 0.3 Stealth


You had 3 spell levels left.
You didn't know any spells.
Your spell library was empty.

Dungeon Overview and Level Annotations

Branches:
Dungeon (3/15)

Altars:
Zin

Annotations:
D:3 Grinder


Innate Abilities, Weirdness & Mutations

You are too large for most types of armour.
You have tough skin. (AC +1)


Message History

Grinder is moderately wounded.
Grinder hits you.
You writhe in agony.
You hit Grinder.
Grinder is heavily wounded.
Grinder blinks!
Grinder is attracted toward you.
You barely miss Grinder.
Grinder is heavily wounded.
Grinder gestures at you.
You suddenly lose the ability to move!
Grinder hits you!
You writhe in agony.
You can move again.
You hit Grinder.
Grinder is heavily wounded.
Grinder hits you!
* * * LOW HITPOINT WARNING * * *
You writhe in agony.
* * * LOW HITPOINT WARNING * * *
You hit Grinder.
Grinder is severely wounded.
Grinder misses you.
You hit Grinder. You punch Grinder, but do no damage.
Grinder is severely wounded.
You puncture Grinder!
Grinder is almost dead.
Grinder hits you.
* * * LOW HITPOINT WARNING * * *
You writhe in agony.
* * * LOW HITPOINT WARNING * * *
You hit Grinder.
Grinder is almost dead.
Grinder gestures at you.
You suddenly lose the ability to move!
Grinder hits you.
* * * LOW HITPOINT WARNING * * *
You writhe in agony.
* * * LOW HITPOINT WARNING * * *
Grinder gestures at you.
You shrug off the repeated paralysis!
Grinder hits you!
You die...

#.....#.#..# #.#..
#.....#.#..### #.###
#.....#.#....# ##'##
#.....#.#†##.## #...#
#.....#.#.##..# #†..#
#.....#.#.###.# #...#
#..)......# #.# ##'##
#######5#####.######.#
#@#.........##.# #
#.#.........'..###
#.#...).....#...#.
#.#.........##.##.
#'########..†...#P ...
#.....### ...
#.....##. ...
#.....##. .....
#.....##.


You could see Grinder.

Vanquished Creatures
  3 adders
  2 dart slugs
  4 orcs
  7 ball pythons
  3 endoplasms
  2 giant cockroaches
  2 goblins
  A hobgoblin (D:2)
  2 kobolds
  A quokka (D:1)
  7 bats
  3 frilled lizards
  4 rats
41 creatures vanquished.

Notes
Turn   | Place    | Note
-------+----------+-------------------------------------------
     0 | D:1      | promet the Ogre Berserker began the quest for the Orb.
     0 | D:1      | Reached XP level 1. HP: 24/24 MP: 1/1
   364 | D:1      | Reached XP level 2. HP: 33/33 MP: 2/2
   589 | D:1      | Found a faded altar of an unknown god.
   821 | D:2      | Found a glowing silver altar of Zin.
   967 | D:2      | Reached XP level 3. HP: 41/41 MP: 3/3
  1047 | D:2      | Reached skill level 5 in Fighting
  2832 | D:3      | Reached ** piety under Trog
  2893 | D:3      | Reached XP level 4. HP: 46/50 MP: 4/4
  3082 | D:3      | Noticed Grinder
  3091 | D:3      | Paralysed by Grinder for 2 turns
  3097 | D:3      | Paralysed by Grinder for 5 turns
  3098 | D:3      | HP: 2/50 [Grinder (6)]
  3100 | D:3      | Mangled by Grinder

Illustrated notes

Levels and vault maps discovered:
D:1:      psy_arrival_conway, layout_basic, ebering_ecumenical_altar_petrified,
          minmay_misc_feat_more_columns
D:2:      layout_basic, basic_altar
D:3:      layout_basic, nicolae_overflow_hidden_temple, serial_aquarium,
          aquarium_bridge_straight [aquarium_subvault_bridge,
          aquarium_subvault_wall, aquarium_subvault_bridge,
          aquarium_subvault_wall], aquarium_window_corridor_1,
          aquarium_window_corner, aquarium_window_fake, aquarium_window_fake,
          aquarium_view_2d, aquarium_pool_2, uniq_grinder

Skill      XL: |  1  2  3 |
---------------+----------+-----
Dodging        | 3 |  3.3
Fighting       | 5 |  5.2
Polearms       | |  3.6
Stealth        | |  0.3

Action                   |  1- 3 |  4- 6 || total
-------------------------+-------+-------++-------
Melee: Spear             |   137 |    19 ||   156
       Punch             |     1 |     1 ||     2
Throw: Stone             |     6 |       ||     6
  Use: Potion            |     1 |     1 ||     2
       Scroll            |     2 |       ||     2
Armor: Animal skin       |    29 |     1 ||    30
Dodge: Dodged            |    53 |     2 ||    55
